 Dungeon Crawl Stone Soup version 0.22.1-1-ga44c0e56f4 (webtiles) character file.

182 Mysteryquy the Shield-Bearer (level 5, -2/33 HPs)
             Began as a Gargoyle Fighter on Oct 28, 2018.
             Was an Initiate of Qazlal.
             Slain by an ogre
             ... wielding a +0 giant club
              (5 damage)
             ... on level 4 of the Dungeon.
             The game lasted 00:02:59 (2525 turns).

Mysteryquy the Shield-Bearer (Gargoyle Fighter)     Turns: 2525, Time: 00:02:59

Health: -2/33      AC: 13    Str: 20    XL:     5   Next: 61%
Magic:  5/5        EV:  6    Int:  9    God:    Qazlal [......]
Gold:   187        SH:  9    Dex:  9    Spells: 4/4 levels left

rFire    . . .     SeeInvis .   a - +0 flail
rCold    . . .     Gourm    .   c - +0 shield
rNeg     + . .     Faith    .   s - +0 chain mail
rPois    ∞         Spirit   .   (no helmet)
rElec    +         Reflect  .   (no cloak)
rCorr    .         Harm     .   (no gloves)
MR       .....                  (no boots)
Stlth    ..........             (no amulet)
HPRegen  0.11/turn              (no ring)
MPRegen  0.09/turn              (no ring)

@: no status effects
A: negative energy resistance 1, electricity resistance, unbreathing,
petrification resistance, rot immunity, AC +4
a: Renounce Religion


You were on level 4 of the Dungeon.
You worshipped Qazlal.
Qazlal was noncommittal.
You were hungry.

You visited 1 branch of the dungeon, and saw 4 of its levels.

You collected 187 gold pieces.

Inventory:

Hand Weapons
 a - a +0 flail (weapon)
Armour
 b - a +0 scale mail
 c - a +0 shield (worn)
 s - a +0 chain mail (worn)
Jewellery
 o - an uncursed amulet of harm {unknown}
 v - a +3 ring of intelligence {unknown}
Wands
 x - a wand of random effects (9)
Scrolls
 g - 2 scrolls of magic mapping {unknown}
 i - 2 scrolls of teleportation {unknown}
 j - a scroll of fear {unknown}
 m - a scroll of remove curse {unknown}
 n - 4 scrolls of identify {unknown}
 t - a scroll of enchant weapon {unknown}
 u - a scroll of amnesia {unknown}
 y - 2 scrolls of random uselessness {unknown}
Potions
 d - 2 potions of might
 e - 4 potions of curing {unknown}
 h - 2 potions of resistance {unknown}
 k - a potion of lignification {unknown}
 l - a potion of invisibility {unknown}
 p - a potion of heal wounds {unknown}
 q - a potion of brilliance {unknown}
 r - a potion of flight {unknown}
 w - 2 potions of cancellation {unknown}
 z - a potion of ambrosia {unknown}
Comestibles
 f - 10 rations


   Skills:
 + Level 4.0 Fighting
 + Level 3.4 Maces & Flails
 + Level 4.1 Armour
 + Level 1.2 Dodging
 + Level 4.3 Shields


You had 4 spell levels left.
You didn't know any spells.
Your spell library was empty.

Dungeon Overview and Level Annotations

Branches:
Dungeon (4/15)
 Temple: D:4-7

Altars:
Fedhas
Qazlal
Vehumet
The Shining One


Innate Abilities, Weirdness & Mutations

You are resistant to torment.
Your stone body is resilient. (AC +4)
You are immune to poison.
You resist negative energy. (rN+)
You are resistant to electric shocks. (rElec)
You can survive without breathing.
You are immune to petrification.
You are immune to rotting.


Message History

The ogre shouts!
There is a stone staircase leading up here.
You block the ogre's attack.
You closely miss the ogre. The ogre hits you with a giant club!
You sock the ogre!
The ogre is heavily wounded.
The ogre barely misses you.
You hit the ogre but do no damage.
The ogre is heavily wounded.
You hit the ogre.
The ogre is heavily wounded.
You block the ogre's attack.
You barely miss the ogre.
The ogre is heavily wounded.
The ogre hits you with a giant club!
* * * LOW HITPOINT WARNING * * *
You sock the ogre!
The ogre is almost dead.
The ogre hits you with a giant club.
You die...

#.# #.#
#.# #.#
#.# #.#
########.#
......O@<#
##########


You could see an ogre.

Vanquished Creatures
  Jessica (D:2)
  Natasha (D:3)
  Terence (D:2)
  3 adders
  2 oozes
  2 worms (D:2)
  An orc (D:3)
  2 ball pythons
  6 bats
  A giant cockroach (D:1)
  7 goblins
  4 hobgoblins
  11 jackals (D:3)
  12 kobolds
  2 frilled lizards
  6 rats
62 creatures vanquished.

Notes
Turn   | Place    | Note
-------+----------+-------------------------------------------
     0 | D:1      | Mysteryquy the Gargoyle Fighter began the quest for the
                  | Orb.
     0 | D:1      | Reached XP level 1. HP: 14/14 MP: 1/1
   261 | D:1      | Reached XP level 2. HP: 19/19 MP: 2/2
   622 | D:1      | Reached XP level 3. HP: 23/23 MP: 3/3
   830 | D:1      | Found a glowing golden altar of the Shining One.
  1229 | D:2      | Found a blossoming altar of Fedhas.
  1263 | D:2      | Found a stormy altar of Qazlal.
  1281 | D:2      | Reached XP level 4. HP: 24/28 MP: 4/4
  1295 | D:2      | Became a worshipper of Qazlal Stormbringer
  1599 | D:2      | Noticed Terence
  1622 | D:2      | Killed Terence
  1657 | D:2      | Noticed Jessica
  1666 | D:2      | Killed Jessica
  1666 | D:2      | Reached skill level 1 in Dodging
  1864 | D:2      | Reached XP level 5. HP: 30/33 MP: 5/5
  2211 | D:3      | Noticed Natasha
  2219 | D:3      | Killed Natasha
  2466 | D:3      | Found a radiant altar of Vehumet.
  2518 | D:4      | Noticed an ogre
  2525 | D:4      | Slain by an ogre

Skill      XL: |  1  2  3  4  5 |
---------------+----------------+-----
Maces & Flails | 3 |  3.4
Armour         | 4 |  4.1
Dodging        | 1 |  1.2
Shields        | 4 |  4.3
Fighting       | 4 |  4.0

Action                   |  1- 3 |  4- 6 || total
-------------------------+-------+-------++-------
Melee: Flail             |   112 |   166 ||   278
  Eat: Chunk             |     1 |     4 ||     5
Armor: Scale mail        |    68 |       ||    68
       Chain mail        |       |   149 ||   149
Dodge: Dodged            |    27 |    52 ||    79
Block: Shield            |    51 |   119 ||   170
